 Dungeon Crawl Stone Soup version 0.30-a0-760-g5a9884bb7c (webtiles) character file.

Game seed: 5822272747995968267

561 themarg the Cleaver (level 7, -6/61 HPs)
             Began as a Hill Orc Fighter on Feb 11, 2023.
             Was an Initiate of Qazlal.
             Splashed by a jelly's acid (9 damage)
             ... on level 4 of the Dungeon.
             The game lasted 00:09:25 (4273 turns).

themarg the Cleaver (Hill Orc Fighter)              Turns: 4273, Time: 00:09:25

Health: -6/61      AC: -1    Str: 21    XL:     7   Next: 31%
Magic:  7/7        EV:  7    Int:  8    God:    Qazlal [......]
Gold:   326        SH:  5    Dex: 10    Spells: 6/6 levels left

rFire   + . .      SeeInvis .    a - +0 war axe
rCold   . . .      Faith    .    c - +0 buckler
rNeg    . . .      Spirit   .    v - +0 chain mail
rPois   .          Reflect  .    t - +0 hat
rElec   .          Harm     .    (no cloak)
rCorr   .          Rampage  .    (no gloves)
Will    .....                    r - +0 pair of boots Stlth
                                 (no amulet)
HPRegen 0.30/turn                w - ring of protection from fire
MPRegen 0.10/turn                (no ring)

@: corroded
A: no striking features
a: Renounce Religion


You were on level 4 of the Dungeon.
You worshipped Qazlal.
Qazlal was noncommittal.
You visited 1 branch of the dungeon, and saw 4 of its levels.

You collected 326 gold pieces.

Inventory:

Hand Weapons
 a - a +0 war axe (weapon)
 x - the +4 sling of Vaubrefa {antimagic, rPois}
   (You found it on level 4 of the Dungeon)

   rPois:     It protects you from poison.
Missiles
 b - 15 poisoned darts
 d - 3 atropa-tipped darts (quivered)
 k - 106 stones
 m - 4 silver boomerangs
Armour
 c - a +0 buckler (worn)
 r - a +0 pair of boots (worn)
 t - a +0 hat (worn)
 v - a +0 chain mail (worn)
Jewellery
 w - a ring of protection from fire (left hand)
Scrolls
 e - a scroll of poison {unknown}
 f - a scroll of immolation {unknown}
 h - a scroll of magic mapping {unknown}
 i - a scroll of vulnerability {unknown}
 j - a scroll of identify
 p - 5 scrolls of teleportation
Potions
 g - 4 potions of heal wounds
 l - a potion of resistance
 n - a potion of lignification
 o - 4 potions of flight
 q - a potion of invisibility
 s - a potion of attraction {unknown}
 u - a potion of curing {unknown}


   Skills:
 - Level 5.0 Fighting
 * Level 8.4 Axes
 - Level 3.2 Armour
 - Level 5.0 Shields


You had 6 spell levels left.
You didn't know any spells.
Your spell library contained the following spells:

 Spells                   Type           Power      Damage    Failure   Level
 Sublimation of Blood     Necr           0%         N/A       100%        2
 Petrify                  Tmut/Erth      0%         N/A       100%        4
 Irradiate                Conj/Tmut      0%         3d11      100%        5


Dungeon Overview and Level Annotations

Branches:
Dungeon (4/15)
 Temple: D:4-7

Altars:
Cheibriados
Hepliaklqana
Qazlal
Ru


Message History

Your Axes skill increases to level 8!
o - 4 potions of flight (gained 1)
You enter the shallow water.
Moving in this stuff is going to be slow.
You enter the shallow water.
Moving in this stuff is going to be slow.
You enter the shallow water.
Moving in this stuff is going to be slow.
Found a stone staircase leading down.
A jelly comes into view.
The jelly quivers.
The jelly barely misses you.
You hit the jelly but do no damage. The acid corrodes you!
Your hands burn!
The jelly hits you but does no damage.
You hit the jelly.
Your hands burn!
The jelly is moderately wounded.
The jelly barely misses you.
You hit the jelly but do no damage. The acid corrodes you!
Your hands burn!
The jelly is moderately wounded.
The jelly hits you.
You are splashed with acid.
You hit the jelly but do no damage.
Your hands burn!
The jelly is moderately wounded.
The jelly hits you.
You are splashed with acid!
You hit the jelly. The acid corrodes you!
Your hands burn!
The jelly is heavily wounded.
The jelly hits you.
You are splashed with acid!
You hit the jelly.
Your hands burn!
* * * LOW HITPOINT WARNING * * *
The jelly is almost dead.
The jelly hits you.
* * * LOW HITPOINT WARNING * * *
You are splashed with acid!
* * * LOW HITPOINT WARNING * * *
You hit the jelly but do no damage.
Your hands burn!
* * * LOW HITPOINT WARNING * * *
The jelly is almost dead.
The jelly hits you.
* * * LOW HITPOINT WARNING * * *
You are splashed with acid!
You die...

#...........
#.............. ..#..
#.............. ..#.
#†.......... ..##...
...#####+### #.....#
...# .. #...>.# ...#
~. +.....# ...# ♣♣~♣
#..J..# ...# ~.~
#..@..# ...# ♣♣~♣♣
♣.....##
###♣♣♣♣♣~~~♣♣♣♣♣....#
♣~~PP~~.♣~~~♣....#
..~~~.~~...~......#
#.♣♣~♣♣...♣♣~♣♣....#
#.♣♣ ♣♣~♣♣♣♣♣♣#####
##..#♣ ♣♣~~♣ .....#
♣~~P♣


You could see a jelly.

Vanquished Creatures
  Menkaure (D:4)
  A kobold brigand (D:3)
  An iguana (D:4)
  Terence (D:2)
  2 orc wizards (D:3)
  Robin (D:4)
  13 gnolls
  3 adders
  A worm (D:3)
  4 orcs
  2 bats (D:1)
  5 endoplasms
  4 giant cockroaches
  10 goblins
  10 hobgoblins
  3 quokkas
  8 ball pythons
  41 kobolds
  3 rats
114 creatures vanquished.

Vanquished Creatures (others)
  8 plants (D:4)
8 creatures vanquished.

Grand Total: 122 creatures vanquished

Notes
Turn   | Place    | Note
-------+----------+-------------------------------------------
     0 | D:1      | themarg the Hill Orc Fighter began the quest for the Orb.
     0 | D:1      | Reached XP level 1. HP: 19/19 MP: 1/1
   219 | D:1      | Reached skill level 3 in Axes
   247 | D:1      | Reached XP level 2. HP: 23/27 MP: 2/2
   633 | D:2      | Reached XP level 3. HP: 9/33 MP: 3/3
   825 | D:2      | Found a snail-covered altar of Cheibriados.
   834 | D:2      | Reached skill level 4 in Axes
  1012 | D:2      | Noticed Terence
  1024 | D:2      | Killed Terence
  1025 | D:2      | Reached XP level 4. HP: 31/41 MP: 4/4
  1651 | D:3      | Reached skill level 5 in Axes
  1654 | D:3      | Reached XP level 5. HP: 18/47 MP: 5/5
  1793 | D:3      | Found a hazy altar of Hepliaklqana.
  1811 | D:3      | Found a sacrificial altar of Ru.
  2843 | D:3      | Reached skill level 5 in Fighting
  2843 | D:3      | Reached XP level 6. HP: 53/56 MP: 6/6
  2846 | D:3      | Reached skill level 6 in Axes
  3252 | D:3      | Reached skill level 5 in Shields
  3254 | D:3      | Reached skill level 7 in Axes
  3828 | D:4      | Noticed Robin
  3838 | D:4      | Killed Robin
  3987 | D:4      | Found a stormy altar of Qazlal.
  4045 | D:4      | Became a worshipper of Qazlal Stormbringer
  4111 | D:4      | Reached XP level 7. HP: 57/61 MP: 7/7
  4151 | D:4      | Identified the +4 sling of Vaubrefa {antimagic, rPois}
  4193 | D:4      | Noticed Menkaure
  4199 | D:4      | Killed Menkaure
  4200 | D:4      | Reached skill level 8 in Axes
  4273 | D:4      | HP: 3/61 [jelly (3)]
  4273 | D:4      | Splashed by a jelly's acid

Illustrated notes

Levels and vault maps discovered:
D:1:      lordsloth_arrival_two_stooges, layout_basic, chequers_arboretum
D:2:      layout_basic, basic_altar, small_statue_intersection,
          minmay_pentomino_u2, uniq_terence, uniq_crazy_yiuf_cottage
D:3:      minmay_goblin_kobold_castle, layout_basic, lemuel_tele_altar,
          mainiacjoe_overflow_boulevard, minmay_shallow_snake_nest
D:4:      layout_gridville, mainiacjoe_overflow_alcove_1, dk_noncrumbling_2,
          serial_bayou_crossing, uniq_robin, uniq_menkaure

Skill      XL: |  1  2  3  4  5  6  7 |
---------------+----------------------+-----
Axes           | 3 4 5 7 8 |  8.4
Fighting       | 4 5 |  5.0
Shields        | 4 5 |  5.0
Armour         | |  3.2

Action                     |  1- 3 |  4- 6 |  7- 9 || total
---------------------------+-------+-------+-------++-------
  Melee: War axe           |    84 |   247 |    15 ||   346
  Throw: Dart              |       |     1 |       ||     1
    Use: Potion            |     1 |     1 |       ||     2
         Scroll            |       |     5 |       ||     5
 Armour: Scale mail        |    34 |    77 |       ||   111
         Chain mail        |       |    83 |     2 ||    85
  Dodge: Dodged            |    54 |   115 |     5 ||   174
  Block: Buckler           |    22 |    60 |       ||    82

Table legend: (Time is in decaauts)
 A = Elapsed time spent in this place.
 B = Non-inter-level travel time spent in this place.
 C = Inter-level travel time spent in this place.
 D = Time resting spent in this place.
 E = Time spent auto-exploring this place.
 F = Levels seen in this place.
 G = Mean time per level.
                   A        B        C        D        E       F      G
               +--------+--------+--------+--------+--------+-----+--------+
         Total |   4374 |   4197 |    177 |    120 |   3212 |   4 | 1093.5 |
       Dungeon |   4374 |   4197 |    177 |    120 |   3212 |   4 | 1093.5 |
               +--------+--------+--------+--------+--------+-----+--------+

Top non-repeatable levels by time:
     D:3: 2229 daAuts
     D:2: 840 daAuts
     D:4: 722 daAuts
     D:1: 582 daAuts
